 Dungeon Crawl Stone Soup version 0.25-a0-597-gb30770a0c0 (webtiles) character file.

Game seed: 13639704099155752840, levelgen mode: deterministic

58 An17 the Ruffian (level 3, -4/28 HPs)
             Began as a Draconian Transmuter on Mar 15, 2020.
             Was an Initiate of Nemelex Xobeh.
             Slain by a sky beast (6 damage)
             ... on level 2 of the Dungeon.
             The game lasted 00:09:07 (1143 turns).

An17 the Ruffian (Draconian Transmuter)             Turns: 1143, Time: 00:09:09

Health: -4/28      AC:  2    Str: 12    XL:     3   Next: 75%
Magic:  3/6        EV: 20    Int: 14    God:    Nemelex Xobeh [......]
Gold:   50         SH:  0    Dex: 16    Spells: 0/6 levels left

rFire    . . .     SeeInvis .     - Unarmed
rCold    . . .     Gourm    .   (shield currently unavailable)
rNeg     . . .     Faith    .   (armour unavailable)
rPois    x         Spirit   .   (helmet currently unavailable)
rElec    .         Reflect  .   (cloak currently unavailable)
rCorr    .         Harm     .   (gloves currently unavailable)
MR       +....                  (boots currently unavailable)
Stlth    +.........             (no amulet)
HPRegen  0.09/turn              b - ring of protection from magic
MPRegen  0.10/turn              (no ring)

@: spider-form (expiring)
A: tiny, unfitting armour, AC +5
a: End Transformation, Draw Escape, Draw Destruction, Draw Summoning, Renounce
Religion


You were on level 2 of the Dungeon.
You worshipped Nemelex Xobeh.
Nemelex Xobeh was noncommittal.
You were not hungry.
You were a venomous arachnid creature.
You visited 1 branch of the dungeon, and saw 2 of its levels.

You collected 50 gold pieces.

Inventory:

Missiles
 a - 27 arrows
Jewellery
 b - a ring of protection from magic (left front leg)
Scrolls
 g - a scroll of amnesia
Potions
 d - 4 potions of curing {unknown}
 e - a potion of haste {unknown}
 f - a potion of stabbing {unknown}
Comestibles
 c - 4 rations


   Skills:
 + Level 1.5 Fighting
 + Level 2.1 Dodging
 + Level 4.1 Unarmed Combat
 + Level 2.2 Spellcasting
 + Level 2.2 Transmutations


You couldn't memorise any spells.
You knew the following spells:

 Your Spells              Type           Power        Failure   Level  Hunger
a - Beastly Appendage     Tmut           #.....       24%         1    #......
b - Sticks to Snakes      Tmut           #.......     32%         2    ###....
c - Spider Form           Tmut/Pois      #.........   63%         3    ###....

Your spell library contained the following spells:

 Spells                   Type           Power        Failure   Level  Hunger
 Ice Form                 Ice/Tmut       #.......     93%         4    #####..
 Blade Hands              Tmut           #.........   99%         5    ######.


Dungeon Overview and Level Annotations

Branches:
Dungeon (2/15)

Altars:
Kikubaaqudgha
Nemelex Xobeh


Innate Abilities, Weirdness & Mutations

((Your plain brown scales are hard. (AC +5)))
You cannot fit into any form of body armour.
((You are cold-blooded and may be slowed by cold attacks.))


Message History

You bite something! You closely miss something.
Your transformation is almost over.
Something hits you but does no damage.
You closely miss something. Something hits you. Something shocks you.
* * * LOW HITPOINT WARNING * * *
You draw a card...
You have drawn the Storm.
A fierce wind blows from the card.
The electrical discharge engulfs the withered plant!!
The withered plant is heavily damaged.
The electrical discharge engulfs the withered plant.
The withered plant is lightly damaged.
You hear mighty peals of thunder!
You hear an angry hiss.
A sky beast appears from thin air!
Reactivating autopickup.
The sky beast hits you.
* * * LOW HITPOINT WARNING * * *
The sky beast shocks you.
You die...
Your body disappears without a glow.

######### #Y.......
####s# ### #####....#
............#
..........[.# # #
#.#########.#####.# .
#.##.#.......#P...<.#
#.#.#.P##.._..##.#####.#
#..............P# #
#......P........#


You could see a sky beast.

Vanquished Creatures
  3 oozes
  A dart slug (D:1)
  2 leopard geckos (D:1)
  A giant cockroach (D:2)
  3 goblins (D:1)
  6 hobgoblins
  3 jackals (D:1)
  3 bats (D:1)
  6 frilled lizards (D:1)
  2 kobolds (D:1)
  7 rats
37 creatures vanquished.

Vanquished Creatures (collateral kills)
  3 jackals (D:1)
  A rat (D:1)
4 creatures vanquished.

Grand Total: 41 creatures vanquished

Notes
Turn   | Place    | Note
-------+----------+-------------------------------------------
     0 | D:1      | An17 the Draconian Transmuter began the quest for the Orb.
     0 | D:1      | Reached XP level 1. HP: 16/16 MP: 3/3
    86 | D:1      | Reached XP level 2. HP: 14/23 MP: 3/5
    93 | D:1      | Learned a level 2 spell: Sticks to Snakes
   393 | D:1      | Reached XP level 3. HP: 7/28 MP: 1/6
   865 | D:1      | Found a sparkling altar of Nemelex Xobeh.
   992 | D:1      | Learned a level 3 spell: Spider Form
  1024 | D:1      | Became a worshipper of Nemelex Xobeh the Trickster
  1084 | D:2      | Reached skill level 4 in Unarmed Combat
  1113 | D:2      | Found an ancient bone altar of Kikubaaqudgha.
  1115 | D:2      | Received a gift from Nemelex Xobeh
  1133 | D:2      | Noticed a sky beast
  1143 | D:2      | Slain by a sky beast

Levels and vault maps discovered:
D:1:      onia_arrival_mini_spirals, layout_rooms, nrook_mini_vaults,
          nemelex_diamond_rough_becter
D:2:      layout_loops_ring, kiku_gazebo_garden_becter,
          nicolae_overflow_hidden_temple, lemuel_crystal_altar,
          serial_park_tiny_2

Skill      XL: |  1  2  3 |
---------------+----------+-----
Dodging        | 2 |  2.1
Unarmed Combat | 4 |  4.1
Fighting       | |  1.5
Spellcasting   | |  2.2
Transmutations | |  2.2

Action                   || total
-------------------------++-------
Melee: Unarmed           ||   141
       Kick              ||    13
       Headbutt          ||     2
       Tailslap          ||     8
       Punch             ||     2
 Cast: Beastly Appendage ||    16
       Sticks to Snakes  ||     2
       Spider Form       ||     1
Invok: Draw Destruction  ||     1
  Use: Scroll            ||     4
  Eat: Ration            ||     1
Armor: Skin              ||    61
Dodge: Dodged            ||   101

Table legend:
 A = Non-vault XP
 B = Vault XP
 C = Vault XP percentage of total XP
 D = Non-vault monster count
 E = Vault monster count
 F = Vault count percentage of total count
                 A         B        C        D         E       F
            +---------+---------+-------+---------+---------+-------
      Total |      83 |       0 |   0.0 |      41 |       0 |   0.0
            +---------+---------+-------+---------+---------+-------
        D:1 |      63 |       0 |   0.0 |      35 |       0 |   0.0
        D:2 |      20 |       0 |   0.0 |       6 |       0 |   0.0
            +---------+---------+-------+---------+---------+-------
